Map: Chain of Ascension

Players

NamroodTuo

  • Race: Terran Terran

Alex

  • Race: Zerg Zerg
  • Spawn Location: 11:00

VOD

Have the link to the VOD?

Description

Time

  • Played on: April 14, 2023, 11:37 a.m.
  • Length: 32:31
Show
View Real Time Build Order
Export as new Build Order

NamroodTuo Terran 

Build Orders:  

Get SALT Encoding   

  12  0:02  SCV  
  13  0:31  SCV  
  14  0:46  Refinery  
  14  0:48  SCV  
  15  1:00  Engineering Bay  
  15  1:05  SCV  
  16  1:10  Refinery  
  16  1:22  SCV  
  17  1:39  SCV  
  18  1:56  SCV  
  19  2:01  Gunslingers Hideout  
  19  2:13  SCV  
  20  2:30  SCV  
  21  2:47  SCV  
  22  3:01  Tychus  
  22  3:04  SCV  
  23  3:10  Auto-Turret  
  23  3:11  Outlaw Weapons Level 1  
  23  3:21  SCV  
  24  3:38  SCV  
  25  3:55  SCV  
  26  4:07  Fixers Safehouse  
  26  4:11  Auto-Turret  
  26  4:12  SCV  
  27  4:28  SCV  
  28  4:45  SCV  
  29  5:02  Auto-Turret, SCV  
  29  5:03  Auto-Turret  
  30  5:11  Outlaw Life and Armor Level 1  
  30  5:59  Lt Layna Nikara  
  30  7:11  Flashforce GDM Visor  
  40  7:46  Kel-Morian Ripper Rounds  
  40  8:41  Outlaw Life and Armor Level 2  
  40  8:49  Command Center  
  40  9:15  Auto-Turret  
  40  9:44  Auto-Turret  
  40  10:03  Medivac Platform  
  40  10:53  SCV  
  41  11:01  Outlaw Weapons Level 2  
  41  11:10  SCV  
  42  11:23  Crooked Sam  
  42  11:27  SCV  
  53  11:44  SCV  
  54  12:01  SCV  
  55  12:14  Nux  
  65  12:21  SCV  
  65  12:28  Muscle Armory  
  66  12:57  SCV  
  67  13:05  Refinery  
  67  13:08  Refinery  
  67  13:14  SCV  
  68  13:20  Outlaw Life and Armor Level 3  
  68  13:31  SCV  
  69  13:48  SCV  
  70  14:05  SCV  
  71  14:37  T4 Cloudburst Shells, Ultrasonic Boosters  
  71  14:45  SCV  
  72  15:02  SCV  
  73  15:12  SCV  
  73  15:19  SCV  
  75  15:32  Miles Blaze Lewis  
  75  15:36  SCV  
  86  15:53  SCV  
  86  15:58  Auto-Turret  
  87  16:00  Outlaw Weapons Level 3  
  87  16:10  SCV  
  88  16:25  Auto-Turret  
  88  16:27  SCV  
  89  16:44  SCV  
  90  18:00  Vanadium Shell, Moebius Restraint Matrix, Procyon Shade Suit  
  90  18:01  KD9a Implosion Core  
  90  18:32  Auto-Turret  
  90  19:01  Auto-Turret  
  90  19:22  LarsCorp G7 Charges  
  90  19:28  High Capacity Containers  
  90  21:17  Crystalline Amplifiers, Procyon Twin Heal Beam Gauntlet  
  90  21:18  Procyon Serum  
  90  21:25  Hades Oil  
  90  22:47  Umojan Repair Nanites  
  90  22:51  Wildflame Fuel Additives  
Show
View Real Time Build Order
Export as new Build Order

Alex Zerg 

Build Orders:  

Get SALT Encoding   

  12  0:30  Spawning Pool  
  12  0:32  Drone  
  12  0:45  Drone  
  12  0:46  Drone  
  14  0:56  Overlord  
  14  1:05  Extractor  
  14  1:07  Drone  
  14  1:27  Drone x2  
  16  1:30  Evolution Chamber  
  16  1:33  Drone  
  16  1:41  Drone  
  16  1:48  Drone  
  18  2:06  Drone  
  19  2:17  Drone  
  20  2:33  Drone  
  20  2:36  Lair  
  21  2:48  Drone  
  22  3:00  Hatchery  
  21  3:11  Overlord  
  21  3:17  Zergling x2  
  22  3:31  Metabolic Boost  
  22  3:36  Overlord  
  22  3:48  Zergling x2  
  23  4:02  Zergling x2  
  23  4:03  Zergling x2  
  25  4:16  Zergling x2  
  25  4:19  Zergling x2  
  26  4:32  Zergling x2  
  26  4:33  Zergling x2  
  28  4:46  Hatchery, Zergling x2  
  28  5:02  Hardened Carapace  
  28  5:05  Drone x2  
  28  5:09  Zergling x2  
  23  5:42  Zergling x4  
  23  5:43  Zergling x4  
  27  5:58  Zergling x4  
  27  5:59  Zergling x2  
  30  6:10  Zergling x6  
  33  6:23  Zergling x6  
  29  6:46  Zergling x6  
  29  6:47  Zergling x2  
  32  7:04  Zergling x6  
  32  7:05  Zergling x4  
  31  7:25  Zergling x4  
  31  7:26  Zergling x2  
  31  7:48  Zergling x6  
  31  7:49  Zergling x6  
  37  7:58  Hive  
  37  8:01  Heroic Fortitude  
  37  8:03  Zergling x2  
  37  8:04  Zergling x4  
  40  8:22  Hydralisk Den  
  40  8:28  Extractor, Zergling x4  
  40  8:29  Zergling x2  
  41  8:48  Zergling x8  
  41  8:49  Zergling x4  
  46  9:13  Zergling x2  
  46  9:14  Zergling x2  
  46  9:37  Overlord x2  
  46  9:38  Overlord  
  48  9:40  Hydralisk  
  48  9:46  Drone  
  48  9:48  Hatchery  
  48  10:07  Adrenal Overload  
  37  10:33  Drone x3  
  37  10:34  Drone x4  
  37  10:35  Drone x2  
  37  10:36  Drone  
  47  11:38  Hydralisk x3  
  47  11:39  Hydralisk x3  
  56  11:58  Hydralisk x2  
  56  11:59  Hydralisk x2  
  63  12:00  Hydralisk  
  61  12:17  Zergling x4  
  69  12:21  Hydralisk x3  
  72  12:54  Hydralisk x3  
  72  13:20  Drone x5  
  72  13:21  Drone  
  72  13:26  Overlord  
  80  13:30  Hydralisk  
  79  13:52  Zergling x2  
  79  13:53  Zergling x6  
  79  13:54  Overlord  
  79  13:55  Zergling x6  
  86  14:08  Drone  
  87  14:16  Extractor  
  87  14:19  Overlord  
  86  14:20  Overlord  
  86  14:58  Drone x3  
  86  14:59  Drone  
  88  15:20  Drone  
  88  15:21  Drone  
  88  15:23  Zergling x6  
  88  15:24  Zergling x8  
  88  15:25  Zergling x4  
  88  15:26  Overlord x2  
  88  15:27  Overlord  
  86  16:06  Zergling x10  
  86  16:07  Zergling x10  
  86  16:08  Zergling x10  
  101  16:28  Extractor  
  101  16:29  Drone  
  113  16:40  Hydralisk x4  
  113  16:41  Hydralisk x2  
  109  16:57  Zergling x8  
  109  16:58  Zergling x8  
  102  17:31  Hydralisk  
  102  17:32  Hydralisk x5  
  102  17:33  Hydralisk x2  
  100  17:42  Drone  
  89  17:52  Shredding Claws  
  89  17:53  Chain Reaction  
  89  18:18  Zergling x8  
  89  18:19  Zergling x8  
  101  18:20  Zergling x2  
  101  18:22  Hydralisk  
  101  18:23  Hydralisk  
  102  18:47  Hydralisk x2  
  102  18:48  Hydralisk x2  
  106  19:07  Hydralisk  
  106  19:08  Hydralisk x4  
  106  19:09  Hydralisk  
  112  19:23  Frenzy, Ability Efficiency  
  112  19:31  Overlord  
  112  19:33  Zergling x6  
  112  19:34  Zergling x6  
  115  20:02  Overlord  
  115  20:05  Hydralisk x4  
  79  20:29  Zergling x2  
  70  20:30  Zergling x8  
  70  20:33  Hydralisk  
  70  20:34  Hydralisk x3  
  74  20:57  Zergling x2  
  74  20:58  Zergling x8  
  85  21:02  Hydralisk x3  
  83  21:23  Zerg Melee Weapons Level 1  
  83  21:28  Zergling x4  
  83  21:29  Zergling x8  
  97  21:32  Hydralisk x2  
  97  21:33  Hydralisk x2  
  96  21:47  Zergling x2  
  96  21:48  Zergling x4  
  103  21:52  Hydralisk x2  
  103  22:00  Drone  
  104  22:18  Zergling x2  
  104  22:19  Hydralisk x2, Zergling x2  
  114  22:20  Hydralisk  
  114  22:22  Hydralisk, Drone  
  114  22:23  Drone  
  114  22:24  Drone  
  109  22:55  Zergling x8  
  109  22:56  Hydralisk, Zergling x2  
  109  22:57  Hydralisk x2  
  109  22:58  Hydralisk  
  116  23:25  Overlord  
  116  23:27  Zergling x6  
  116  23:29  Hydralisk x2  
  142  23:30  Hydralisk x2  
  125  24:03  Zerg Missile Weapons Level 1  
  118  24:17  Zergling x10  
  118  24:18  Zergling x6  
  118  24:19  Hydralisk  
  137  24:20  Hydralisk x4  
  137  24:21  Hydralisk x2  
  137  24:43  Zergling x4  
  137  24:44  Zergling x4  
  137  24:46  Hydralisk  
  137  24:47  Hydralisk x3  
  142  25:20  Overlord  
  142  25:21  Overlord  
  142  25:28  Hydralisk x3  
  142  25:29  Hydralisk x3  
  153  25:36  Zergling x2  
  153  25:37  Zergling x8  
  153  26:21  Overlord  
  153  26:25  Hydralisk x2, Zergling x2  
  153  26:27  Hydralisk  
  153  26:28  Hydralisk x4  
  153  26:29  Hydralisk x2  
  163  26:47  Zergling x2  
  163  26:48  Zergling x10  
  163  26:49  Zergling x4  
  170  26:58  Muscular Augments  
  170  27:00  Zerg Melee Weapons Level 2  
  170  27:14  Zergling x8  
  170  27:15  Zergling x6  
  170  27:16  Zergling x2  
  178  27:39  Overlord  
  180  27:41  Zergling x2  
  180  27:45  Hydralisk  
  180  27:46  Hydralisk  
  183  28:03  Overlord  
  183  28:20  Zergling x6  
  183  28:21  Zergling x10  
  183  28:22  Zergling x2  
  183  28:25  Hydralisk x2  
  184  28:32  Zergling x2  
  184  28:33  Zergling x6  
  198  29:01  Zergling x2  
  198  29:04  Hydralisk x2  
  198  29:05  Hydralisk x3  
  199  29:13  Ancillary Carapace  
  193  30:41  Zergling x8  
  193  30:42  Zergling x6  
  199  31:26  Zergling x4  
  199  31:27  Zergling x6  
Tags
 
Add a new tag
Caveats
  • Supply blocks, unpowered buildings, or Contaminate may cause inaccurate times.
  • Supply counts are checked every 10 seconds.